AoeStats
← TANRIM-AFFET

Black Forest

507141610Analyzed
4v4 RM · 15d ago on Sep 16, 2026· 131m 2s· 8 players
Game mode
Random Map
Map size
Large (8 player)
Population
200
Speed
Normal
Resources
Standard
Victory
Conquest
Starting age
Dark Age
Ending age
Imperial Age
RankedLock teamsTeams togetherTeam positionsShared explorationLock speedFull tech treeHidden civsTurbo modeCheats
Victory
Defeat
🇭🇺 Persians · Hungary
822
+13
🇭🇺 Spanish · Hungary
777
+15
🇻🇳 Britons · Vietnam
764
+15
🇭🇺 Franks · Hungary
760
+15
🇹🇷 Byzantines · Türkiye
775
-16
🇲🇽 Britons · Mexico
743
-14
🇨🇿 Italians · Czechia
740
-14
🇵🇪 Lithuanians · Peru
725
-14
Tomas18078
0:32 Loom
13:41 Feudal Age
14:24 Town Watch
14:27 Double-Bit Axe
15:45 Fishing Lines
18:47 Wheelbarrow
18:02 Horse Collar
20:52 Castle Age
18:47 Gold Mining
20:13 Stone Mining
22:42 Heavy Plow
22:55 Bow Saw
23:38 Gillnets
26:08 Padded Archer Armor
25:59 Fletching
32:10 Imperial Age
31:11 Silk Road
31:18 Bodkin Arrow
33:09 Hand Cart
33:26 Thumb Ring
35:42 Chemistry
34:54 Masonry
35:58 Elite Skirmisher
36:40 Bracer
36:55 Leather Archer Armor
37:25 Squires
36:46 Pikeman
36:47 Man-at-Arms
38:08 Caravan
40:48 Leather Archer Armor
40:56 Ballistics
41:07 Architecture
40:18 Treadmill Crane
41:13 Architecture
40:41 Onager
42:26 Town Patrol
42:59 Ring Archer Armor
42:29 Scale Mail Armor
42:54 Forging
42:50 Scale Barding Armor
43:26 Crop Rotation
43:21 Murder Holes
44:13 Conscription
44:35 Fortified Wall
44:14 Elite Genoese Crossbowman
46:31 Two-Man Saw
46:32 Chain Mail Armor
45:39 Long Swordsman
46:05 Arson
46:25 Crossbowman
47:57 Husbandry
48:08 Bloodlines
48:18 Cavalier
49:56 Chain Barding Armor
50:11 Iron Casting
49:14 Two-Handed Swordsman
49:21 Capped Ram
50:08 Arrowslits
51:35 Light Cavalry
55:07 Plate Barding Armor
55:33 Blast Furnace
55:04 Plate Mail Armor
55:48 Hoardings
57:01 Hussar
67:46 Arbalester
70:40 Champion
74:06 Pirotechnia
92:47 Bombard Tower
92:18 Guard Tower
116:32 Coinage
La Morte Noire
12:11 Feudal Age
16:57 Castle Age
18:35 Wheelbarrow
17:55 Double-Bit Axe
17:53 Horse Collar
18:47 Bow Saw
18:51 Heavy Plow
24:15 Gold Mining
25:31 Hand Cart
26:26 Gold Shaft Mining
27:00 Fletching
27:28 Padded Archer Armor
27:31 Loom
27:14 Crossbowman
28:24 Ballistics
28:10 Bodkin Arrow
28:50 Leather Archer Armor
38:42 Yeomen
41:00 Imperial Age
41:08 Pikeman
41:49 Squires
41:35 Arson
43:37 Two-Man Saw
42:02 Halberdier
43:14 Forging
43:05 Scale Mail Armor
45:00 Iron Casting
45:33 Chain Mail Armor
45:45 Conscription
48:16 Blast Furnace
48:03 Plate Mail Armor
48:30 Bracer
49:01 Ring Archer Armor
49:35 Chemistry
48:30 Arbalester
49:56 Warwolf
50:09 Siege Engineers
50:43 Fortified Wall
50:45 Masonry
68:14 Hoardings
68:29 Architecture
67:39 Treadmill Crane
67:56 Murder Holes
83:45 Elite Skirmisher
83:59 Elite Skirmisher
108:25 Elite Longbowman
Crazy
9:51 Feudal Age
11:49 Double-Bit Axe
11:45 Horse Collar
12:49 Loom
18:59 Castle Age
18:25 Gold Mining
20:10 Wheelbarrow
20:34 Fervor
20:50 Bow Saw
23:08 Stone Mining
25:02 Stone Shaft Mining
25:28 Town Watch
25:48 Heavy Plow
27:49 Hand Cart
33:37 Imperial Age
32:17 Husbandry
32:47 Forging
32:45 Scale Barding Armor
34:17 Iron Casting
34:51 Crop Rotation
35:49 Chemistry
35:10 Ballistics
37:47 Two-Man Saw
37:16 Town Patrol
37:13 Fletching
37:56 Bloodlines
37:14 Light Cavalry
37:45 Cavalier
38:02 Winged Hussar
39:53 Two-Man Saw
39:39 Treadmill Crane
40:36 Chain Barding Armor
40:15 Bodkin Arrow
40:32 Caravan
41:02 Coinage
40:43 Guilds
42:49 Banking
44:26 Conscription
44:15 Paladin
48:17 Pikeman
49:10 Squires
48:59 Halberdier
51:25 Scale Mail Armor
56:48 Plate Barding Armor
56:38 Chain Mail Armor
59:20 Arson
60:35 Tower Shields
62:17 Redemption
62:27 Block Printing
62:16 Atonement
65:24 Bracer
75:25 Masonry
75:28 Careening
80:43 Sanctity
80:28 Devotion
80:56 Illumination
80:54 Heresy
93:12 Elite Leitis
102:47 Hoardings
130:45 Bombard Tower
130:16 Guard Tower
130:57 Architecture
130:39 Fortified Wall
130:50 Dry Dock
TANRIM-AFFET
12:33 Feudal Age
13:48 Double-Bit Axe
14:44 Loom
17:27 Castle Age
15:44 Horse Collar
21:22 Heavy Plow
23:21 Bow Saw
23:58 Wheelbarrow
23:30 Gold Mining
26:20 Gold Shaft Mining
28:44 Hand Cart
30:06 Stone Mining
33:44 Imperial Age
33:36 Fervor
33:40 Redemption
33:53 Sanctity
34:07 Scale Barding Armor
34:13 Forging
33:29 Man-at-Arms
34:29 Husbandry
34:46 Logistica
33:57 Elite Cataphract
37:08 Chain Barding Armor
37:24 Iron Casting
38:22 Two-Man Saw
37:54 Crop Rotation
38:03 Stone Shaft Mining
39:55 Plate Barding Armor
39:28 Caravan
39:56 Fortified Wall
42:15 Onager
43:53 Block Printing
50:06 Illumination
50:19 Theocracy
49:33 Pikeman
50:14 Squires
53:26 Light Cavalry
61:44 Halberdier
62:55 Scale Mail Armor
66:25 Chemistry
65:47 Ballistics
71:20 Conscription
82:25 Chain Mail Armor
115:18 Plate Mail Armor
IceboundBull321
0:31 Loom
12:37 Feudal Age
16:53 Castle Age
15:44 Double-Bit Axe
15:45 Horse Collar
18:07 Wheelbarrow
24:52 Bow Saw
26:08 Hand Cart
25:38 Town Watch
27:36 Heavy Plow
30:35 Caravan
33:49 Town Patrol
34:07 Gold Mining
34:07 Stone Mining
34:47 Padded Archer Armor
34:39 Fletching
36:11 Heated Shot
37:14 Gold Shaft Mining
39:27 Imperial Age
40:06 Leather Archer Armor
39:46 Bodkin Arrow
41:45 Hoardings
40:41 Sappers
42:15 Elite Longbowman
42:56 Warwolf
47:56 Chemistry
48:57 Ring Archer Armor
48:28 Bracer
48:39 Forging
63:37 Onager
71:45 Squires
71:06 Pikeman
71:56 Scale Barding Armor
71:52 Scale Mail Armor
72:28 Iron Casting
72:17 Halberdier
77:53 Chain Barding Armor
77:48 Chain Mail Armor
78:34 Blast Furnace
110:42 Yeomen
110:43 Conscription
125:51 Fortified Wall
125:38 Murder Holes
OG Sonic
4:31 Loom
12:09 Feudal Age
16:48 Castle Age
17:17 Double-Bit Axe
17:17 Horse Collar
21:49 Wheelbarrow
21:56 Fishing Lines
25:17 Hand Cart
26:29 Gold Mining
26:42 Heavy Plow
26:58 Town Watch
27:26 Forging
27:23 Scale Barding Armor
27:09 Fletching
29:04 Bow Saw
37:34 Imperial Age
38:04 Bloodlines
37:56 Husbandry
38:56 Caravan
38:32 Cavalier
40:33 Iron Casting
40:19 Chain Barding Armor
40:22 Conscription
42:35 Two-Man Saw
42:12 Crop Rotation
41:44 Town Patrol
42:08 Savar
45:05 Blast Furnace
44:49 Plate Barding Armor
44:30 Onager
45:48 Bodkin Arrow
47:01 Chemistry
46:56 Ballistics
51:05 Citadels
53:57 Elite War Elephant
57:10 Heavy Camel Rider
61:37 Light Cavalry
64:02 Hussar
68:02 Kamandaran
73:28 Elite Skirmisher
107:05 Padded Archer Armor
129:17 Capped Ram
LordPRTKR
0:55 Loom
14:26 Feudal Age
19:27 Castle Age
18:08 Double-Bit Axe
22:30 Horse Collar
24:15 Bow Saw
28:41 Heavy Plow
30:12 Caravan
35:35 Wheelbarrow
36:04 Wheelbarrow
35:24 Elite Skirmisher
36:54 Padded Archer Armor
36:44 Fletching
38:52 Thumb Ring
41:33 Stone Mining
41:34 Gold Mining
42:20 Arson
42:35 Squires
42:21 Gambesons
42:41 Scale Mail Armor
42:51 Forging
42:37 Bodkin Arrow
42:57 Leather Archer Armor
45:31 Imperial Age
43:10 Scale Barding Armor
44:08 Ballistics
45:31 Hand Cart
46:26 Inquisition
46:47 Conscription
48:22 Chemistry
50:37 Elite Conquistador
62:07 Pikeman
62:08 Man-at-Arms
63:17 Halberdier
69:47 Long Swordsman
74:00 Coinage
73:45 Guilds
74:55 Two-Handed Swordsman
91:02 Banking
98:38 Champion
106:28 Bloodlines
106:20 Husbandry
105:41 Light Cavalry
107:30 Onager
suvdan.77
0:34 Loom
12:26 Feudal Age
16:38 Castle Age
30:50 Double-Bit Axe
32:05 Gold Mining
32:06 Stone Mining
33:22 Gold Shaft Mining
33:01 Bow Saw
35:36 Imperial Age
33:09 Man-at-Arms
33:09 Pikeman
33:35 Gambesons
33:51 Squires
34:09 Forging
33:59 Scale Mail Armor
34:18 Scale Barding Armor
34:13 Padded Archer Armor
34:05 Fletching
36:05 Iron Casting
35:49 Chain Mail Armor
35:55 Chain Barding Armor
35:01 Long Swordsman
36:23 Wheelbarrow
35:47 Cavalier
36:28 Husbandry
36:33 Two-Handed Swordsman
38:20 Blast Furnace
37:56 Plate Mail Armor
37:42 Leather Archer Armor
37:22 Bodkin Arrow
39:22 Paladin
41:06 Plate Barding Armor
41:36 Chemistry
41:52 Hand Cart
41:53 Champion
42:42 Caravan
78:46 Halberdier
105:12 Onager
Connection lost

Rejoining the realm…

Still unreachable

The connection could not be restored.

Session expired

The server has moved on; the page needs a fresh start.